 Dungeon Crawl Stone Soup version 0.22-a0-414-gacd343e8ff (webtiles) character file.

66 Manul the Ducker (level 3, -5/20 HPs)
             Began as a Spriggan Abyssal Knight on May 13, 2018.
             Was a Follower of Lugonu.
             Slain by a small abomination (19 damage)
             ... on level 2 of the Abyss.
             The game lasted 00:01:43 (297 turns).

Manul the Ducker (Spriggan Abyssal Knight)           Turns: 297, Time: 00:01:43

Health: -5/20      AC:  2    Str:  8    XL:     3   Next: 96%
Magic:  5/5        EV: 19    Int: 13    God:    Lugonu [*.....]
Gold:   11         SH:  0    Dex: 16    Spells: 2/2 levels left

rFire    . . .     SeeInvis +   a - +1 short sword
rCold    . . .     Gourm    .   (shield restricted)
rNeg     . . .     Faith    .   b - +0 robe
rPois    .         Spirit   .   (helmet restricted)
rElec    .         Reflect  .   (no cloak)
rCorr    .         Harm     .   (gloves unavailable)
MR       .....                  (boots unavailable)
Stlth    ++........             (no amulet)
HPRegen  0.06/turn              (no ring)
MPRegen  0.09/turn              (no ring)

@: very quick
A: very small, unfitting armour, see invisible, herbivore, speed 3, slow
metabolism 2
a: Depart the Abyss, Renounce Religion


You were on level 2 of the Abyss.
You worshipped Lugonu.
Lugonu was aware of your devotion.
You were not hungry.

You visited 0 branches of the dungeon, and saw 0 of its levels.
You visited the Abyss 1 time.

You collected 11 gold pieces.

Inventory:

Hand Weapons
 a - a +1 short sword (weapon)
Armour
 b - a +0 robe (worn)
Wands
 f - a wand of paralysis (12)
 g - a wand of iceblast (10)
Scrolls
 e - a scroll of teleportation
Potions
 d - a potion of mutation {unknown}
Comestibles
 c - a ration


   Skills:
 + Level 3.5 Fighting
 - Level 2.1 Short Blades
 - Level 3.5 Dodging
 + Level 3.2 Stealth
 - Level 1.7 Invocations
 + Level 0.5 Evocations


You had 2 spell levels left.
You didn't know any spells.
Your spell library was empty.

Dungeon Overview and Level Annotations

Branches:
Dungeon (0/15)

Altars:


Innate Abilities, Weirdness & Mutations

You are very small and have problems with some larger weapons.
You are too small for most types of armour.
You have supernaturally acute eyesight. (SInv)
You are a herbivore.
You cover ground extremely quickly.
You need to consume almost no food.


Message History

The white imp shouts!
Something shouts, "Run away, thou unctious two-tin-hat nightsoil!"
The white imp gestures at you. The puff of frost hits you!
You start resting.
Evoke which item? (* to show all) (? for menu, Esc to quit)
Aiming: Paralyse
Press: ? - help, Shift-Dir - straight line, f - small abomination
Aim: a small abomination (chance to defeat MR: 30%)
The small abomination easily resists.
The small abomination completely misses you.
Evoke which item? (* to show all) (? for menu, Esc to quit)
Aiming: Paralyse
Press: ? - help, Shift-Dir - straight line, f/p - small abomination
Aim: a small abomination (chance to defeat MR: 30%)
The small abomination easily resists.
The small abomination barely misses you.
The small abomination hits you!!
Ouch! That really hurt!
You die...

..#. #.# ...# .##
...#...
####...##.. .
...#...##. ..## .
..
.....##..#..###.##
..5}.........#. ..
. ............. .
. .#.....#.....
...
###...##....... .
#@#.x# x...# ....
##x#.###..###...
##x#.... .# ...
#####... .. .
...... .. ...... .
.#. .. ... ..###.


You could see 2 small abominations.

Vanquished Creatures
  A small abomination (Abyss:2)
1 creature vanquished.

Notes
Turn   | Place    | Note
-------+----------+-------------------------------------------
     0 | Abyss:1  | Manul the Spriggan Abyssal Knight began the quest for the Orb.
     0 | Abyss:1  | Reached XP level 1. HP: 11/11 MP: 3/3
     1 | Abyss:1  | Found a corrupted altar of Lugonu.
   130 | Abyss:2  | Noticed a large abomination
   139 | Abyss:2  | Noticed a lich
   142 | Abyss:2  | Noticed a mana viper
   209 | Abyss:2  | Noticed a crimson imp
   216 | Abyss:2  | Noticed a small abomination
   220 | Abyss:2  | Noticed a ynoxinul
   221 | Abyss:2  | Noticed a small abomination
   222 | Abyss:2  | Noticed a starcursed mass
   223 | Abyss:2  | Noticed a freezing wraith
   252 | Abyss:2  | Noticed a small abomination
   277 | Abyss:2  | Killed a small abomination
   277 | Abyss:2  | Reached XP level 2. HP: 16/16 MP: 4/4
   277 | Abyss:2  | Reached XP level 3. HP: 20/20 MP: 5/5
   280 | Abyss:2  | Noticed a thrashing horror
   282 | Abyss:2  | Noticed a small abomination
   285 | Abyss:2  | Noticed a ynoxinul
   297 | Abyss:2  | Slain by a small abomination

Vault maps used:

Skill      XL: |  1 |
---------------+----+-----
Fighting       | 3 |  3.5
Stealth        | 3 |  3.2
Short Blades   | |  2.1
Dodging        | |  3.5
Invocations    | |  1.7
Evocations     | |  0.5

Action                   || total
-------------------------++-------
Melee: Short sword       ||     7
Evoke: Wand              ||     4
  Use: Scroll            ||     1
 Stab: Paralysed         ||     7
Dodge: Dodged            ||     5

Table legend:
 A = Spawn XP
 B = Non-spawn XP
 C = Spawn XP percentage of total XP
 D = Spawn monster count
 E = Non-spawn monster count
 F = Spawn count percentage of total count
 G = Total turns spent on level
                    A         B        C        D         E        F      G
               +---------+---------+-------+---------+---------+-------+---------
         Total |       0 |      95 |   0.0 |       0 |       1 |   0.0 |   297
               +---------+---------+-------+---------+---------+-------+---------
       Abyss:2 |       0 |      95 |   0.0 |       0 |       1 |   0.0 |   237
               +---------+---------+-------+---------+---------+-------+---------
